 Dungeon Crawl Stone Soup version 0.26.1-11-gd32895ea62 (webtiles) character file.

Game seed: 12399401761716582102

57 Urokeeper the Sneak (level 4, -4/43 HPs)
             Began as a Halfling Brigand on July 22, 2021.
             Slain by a scorpion (6 damage)
             ... on level 2 of the Dungeon.
             The game lasted 00:15:52 (1285 turns).

Urokeeper the Sneak (Halfling Brigand)              Turns: 1285, Time: 00:15:52

Health: -4/43      AC: 26    Str: 12    XL:     4   Next: 18%
Magic:  4/4        EV:  3    Int:  9    God:
Gold:   42         SH:  0    Dex: 16    Spells: 3/3 levels left

rFire    . . .     SeeInvis .   g - +2 short sword (flame)
rCold    . . .     Faith    .   (shield restricted)
rNeg     + + +     Spirit   .   (armour currently unavailable)
rPois    +         Reflect  .   (helmet currently unavailable)
rElec    .         Harm     .   (cloak currently unavailable)
rCorr    .         Rampage  .   (gloves currently unavailable)
Will     .....     NoTele   +   (boots currently unavailable)
Stlth    +++.......             (no amulet)
HPRegen  0.14/turn              n - +4 ring of protection
MPRegen  0.09/turn              (no ring)

@: tree-form (expiring)
A: small, mutation resistance 1
a: no special abilities


You were on level 2 of the Dungeon.
You were a tree.
You visited 1 branch of the dungeon, and saw 2 of its levels.

You collected 42 gold pieces.

Inventory:

Hand Weapons
 a - a +2 dagger
 g - a +2 short sword of flaming (weapon)
Missiles
 d - 8 poisoned darts (quivered)
 e - 2 curare-tipped darts
 f - 18 sling bullets
 m - 21 arrows
Armour
 b - a +0 robe
 c - a +0 cloak (melded)
 i - a +0 helmet (melded)
 p - a +0 ring mail
 q - -2 storm dragon scales (melded)
Jewellery
 n - a +4 ring of protection (left branch)


   Skills:
 + Level 2.1 Fighting
 + Level 3.1 Short Blades
 + Level 2.1 Throwing
 + Level 1.3 Dodging
 + Level 5.4 Stealth


You had 3 spell levels left.
You didn't know any spells.
Your spell library was empty.

Dungeon Overview and Level Annotations

Branches:
Dungeon (2/15)

Altars:

Annotations:
D:2 Sigmund, Terence


Innate Abilities, Weirdness & Mutations

You are small and have problems with some larger weapons.
You are somewhat resistant to further mutation.


Message History

The bat hits you but does no damage. Terence barely misses you.
The scorpion stings you but does no damage.
The bat hits you but does no damage. The bat barely misses you.
The scorpion stings you but does no damage.
Terence hits you but does no damage. The worm bites you.
* * * LOW HITPOINT WARNING * * *
Your transformation is almost over.
The bat hits you but does no damage.
The scorpion stings you but does no damage.
Terence hits you but does no damage. The bat hits you but does no damage.
The scorpion stings you but does no damage.
The worm bites you but does no damage. Terence hits you but does no damage.
The scorpion stings you but does no damage.
The worm bites you but does no damage. Terence hits you but does no damage.
The bat hits you.
* * * LOW HITPOINT WARNING * * *
The scorpion stings you.
You die...

≈≈.≈.@ #@#
#.≈..≈≈##
≈.≈≈P≈.#w# #.≈≈.≈≈#
..≈≈.♣.#.# #.≈?≈.##
..PP.....#
#≈≈≈≈≈≈##
########.#
#.≈≈≈≈≈≈## #.#
#..≈≈≈≈≈≈#≈
##§#####≈.≈≈≈≈≈≈≈
###w........#######
#§♣s..#####.#...##
#§§@...####......#
#.#b.............#
#.#.....###......#
#.....#.# #.#...##
###..##.# #.#####
#..##.###.#
#.........#
##.##.#####


You could see Terence, a worm, a scorpion and a bat.

Vanquished Creatures
  An adder (D:2)
  An ooze (D:1)
  4 dart slugs (D:1)
  A leopard gecko (D:1)
  2 giant cockroaches
  8 goblins
  2 hobgoblins
  A jackal (D:2)
  A ball python (D:1)
  6 bats (D:1)
  3 frilled lizards
  5 kobolds
  2 rats (D:2)
37 creatures vanquished.

Vanquished Creatures (others)
  2 plants (D:2)
2 creatures vanquished.

Grand Total: 39 creatures vanquished

Notes
Turn   | Place    | Note
-------+----------+-------------------------------------------
     0 | D:1      | Urokeeper the Halfling Brigand began the quest for the Orb.
     0 | D:1      | Reached XP level 1. HP: 14/14 MP: 1/1
   123 | D:1      | Reached XP level 2. HP: 17/19 MP: 2/2
   254 | D:1      | Reached XP level 3. HP: 24/24 MP: 3/3
   269 | D:1      | Reached skill level 5 in Stealth
  1000 | D:2      | Reached XP level 4. HP: 26/29 MP: 4/4
  1212 | D:2      | Noticed Sigmund
  1243 | D:2      | Noticed Terence
  1281 | D:2      | HP: 2/43 [worm (6)]
  1285 | D:2      | Slain by a scorpion

Illustrated notes

Levels and vault maps discovered:
D:1:      psy_arrival_heroes, layout_basic
D:2:      layout_loops_ring, serial_bayou, serial_bayou_pond_b,
          serial_bayou_shore_a, serial_bayou_shore_b, serial_bayou_pond_d,
          chequers_serial_rivers_large_a, minmay_pentomino_w2, uniq_sigmund,
          uniq_terence

Skill      XL: |  1  2  3 |
---------------+----------+-----
Fighting       | 2 |  2.1
Stealth        | 5 |  5.4
Short Blades   | 3 |  3.1
Throwing       | |  2.1
Dodging        | |  1.3

Action                   |  1- 3 |  4- 6 || total
-------------------------+-------+-------++-------
Melee: Dagger            |    27 |       ||    27
       Short sword       |    45 |    26 ||    71
  Use: Scroll            |       |     6 ||     6
       Potion            |       |     2 ||     2
 Stab: Sleeping          |     7 |       ||     7
Armor: Robe              |     9 |       ||     9
       Storm dragon scal |     6 |    31 ||    37
       Skin              |       |    35 ||    35
Dodge: Dodged            |    40 |    26 ||    66
